 Dungeon Crawl Stone Soup version 0.29.0-4-gdea44cf6ec (webtiles) character file.

Game seed: 18374648597673399380

24900 qw the Severer (level 12, -5/122 HPs)
             Began as a Minotaur Berserker on Sept 9, 2022.
             Was an Elder of Trog.
             Shot with an arrow by Nessos (8 damage)
             ... on level 3 of the Lair of Beasts on Sept 10, 2022.
             The game lasted 00:04:50 (14688 turns).

qw the Severer (Minotaur Berserker)                Turns: 14688, Time: 00:04:51

Health: -5/122     AC: 20    Str: 27    XL:     12   Next: 84%
Magic:  11/11      EV: 13    Int:  4    God:    Trog [****..]
Gold:   490        SH:  0    Dex: 10    Spells: 11/11 levels left

rFire   . . .      SeeInvis .   Y - +1 war axe
rCold   . . .      Faith    .   (no shield)
rNeg    . . .      Spirit   .   q - +5 plate armour
rPois   +          Reflect  .   (helmet restricted)
rElec   .          Harm     .   (no cloak)
rCorr   .          Rampage  .   (no gloves)
Will    .....                   (no boots)
Stlth   ..........              (no amulet)
HPRegen 0.30/turn               h - +4 ring of evasion
MPRegen 0.12/turn               a - ring of poison resistance

@: about to teleport, on berserk cooldown, slowed, very slow
A: horns 2, retaliatory headbutt
a: Renounce Religion, Berserk, Trog's Hand, Brothers in Arms


You were on level 3 of the Lair of Beasts.
You worshipped Trog.
Trog was greatly pleased with you.
You visited 2 branches of the dungeon, and saw 12 of its levels.

You collected 740 gold pieces.
You spent 250 gold pieces at shops.


Innate Abilities, Weirdness & Mutations

You have a pair of horns on your head.
You reflexively headbutt those who attack you in melee.


   Skills:
 + Level 15.7 Fighting
 - Level 16.0 Axes
 - Level 3.0 Throwing
 - Level 12.0 Armour
 - Level 6.4 Dodging


You had 11 spell levels left.
You didn't know any spells.
Your spell library was empty.

Inventory:

Hand Weapons
 g - a +0 morningstar of holy wrath
 Y - a +1 war axe (weapon)
Missiles
 f - 6 boomerangs (quivered)
Armour
 q - a +5 plate armour (worn)
Jewellery
 a - a ring of poison resistance (right hand)
 h - a +4 ring of evasion (left hand)
 l - a +6 ring of dexterity
 u - a ring of ice
Wands
 n - a wand of digging (6)
Scrolls
 b - 3 scrolls of identify
 e - 2 scrolls of teleportation
Potions
 c - 2 potions of heal wounds
 i - 3 potions of mutation
 j - 5 potions of curing
 k - 3 potions of haste
 m - a potion of resistance
 o - a potion of might

Dungeon Overview and Level Annotations

Branches:
Dungeon (9/15)             Temple (0/1) D:6            Lair (3/5) D:8
 Spider (0/4) Lair:2
  Swamp: Lair:2-3    Shoals: Lair:2-3       Orc: D:9-12

Altars:
Ashenzari
Dithmenos
Ru
Trog
Xom

Shops:
D:4 *

Annotations:
D:3 2 transporters, qw's ghost, amateur DsCA
D:4 1 runed translucent door, qw's ghost, amateur GrBe
D:7 1 runed translucent door, Crazy Yiuf
Lair:3 Nessos


Message History

Nessos pounds the earth with their hooves.
Nessos shoots an arrow.
The arrow hits you. The arrow burns you.
14680 ||| INVOKING Berserk.
A red film seems to cover your vision as you go berserk!
You feel yourself moving faster!
You feel mighty!
You feel sick.
Nessos zaps a wand.
The roots erupt in riotous growth!
The grasping roots grab you! The grasping roots constrict you. x2
You hear a shout! x4
You hit Nessos.
Nessos is lightly wounded.
Nessos unwields a +2 longbow of flaming.
It stops flaming.
Nessos closely misses you. Nessos kicks you but does no damage.
The grasping roots constrict you.
You slash Nessos!
Nessos is lightly wounded.
Nessos mumbles some strange words.
Nessos blinks!
The grasping roots constrict you.
The roots grasp on you weakens, but your attempt to escape fails.
You feel sick.
Nessos wields a +2 longbow of flaming.
It bursts into flame!
Nessos shoots an arrow.
The arrow hits you. The arrow burns you. The grasping roots constrict you.
You escape the roots grasp.
You feel a strong urge to attack something.
You feel sick.
Nessos shoots an arrow.
The arrow hits you but does no damage.
Nessos shoots an arrow.
The arrow hits you but does no damage.
Nessos shoots an arrow.
The arrow hits you! The arrow burns you.
You feel your anger nearly subside.
You are no longer berserk.
You are exhausted.
You feel yourself slow down.
You feel sick.
Nessos shoots an arrow.
The arrow hits you. The arrow burns you.
Nessos shoots an arrow.
The arrow hits you. The arrow burns you.
14687 ||| Stepping ~*~*~tactically~*~*~ (hiding).
You feel sick.
You are no longer poisoned.
14688 ||| READING 3 scrolls of teleportation.
As you read the scroll of teleportation, it crumbles to dust.
You feel strangely unstable.
Nessos shoots an arrow.
The arrow hits you!
You die...

##............## .
#............#.#
.##.>...........##
..............c.##
.................##
.............###.c#
...........### #.^#
........P### ####.##
.......### #..@..#
.......###..#.#....####
......%...............#
....#######.............#
##### ####.##..#####....
# ## #### #... # #. # ##


You could see Nessos (fast).

Vanquished Creatures
  Fannar (Lair:1)
  Erica (Lair:1)
  A two-headed ogre (D:9)
  A catoblepas (Lair:1)
  7 death yaks
  A black mamba (Lair:1)
  2 cane toads
  Maggie (D:8)
  2 komodo dragons (Lair:1)
  A rime drake (Lair:3)
  2 hornets (D:8)
  A meliai (Lair:2)
  Prince Ribbit (D:7)
  9 blink frogs
  4 wyverns
  2 basilisks (Lair:3)
  42 yaks
  A steam dragon (D:8)
  12 water moccasins
  An acid dragon (D:8)
  Duvessa (D:6)
  2 orc warriors (D:8)
  A sky beast (D:5)
  An ice beast (D:8)
  8 black bears
  2 ogres
  2 centaurs
  8 wolves
  3 phantoms
  8 bullfrogs
  2 kobold brigands
  3 necrophages
  3 scorpions
  Dowan (D:6)
  6 killer bees (Lair:2)
  4 howler monkeys
  2 electric eels (Lair:1)
  2 hounds
  3 orc priests
  3 gnoll boudas
  A jelly (D:8)
  Ijyb (D:5)
  2 iguanas
  9 orc wizards
  12 gnolls
  5 adders
  5 shadow imps
  2 white imps
  An ufetubus (D:5)
  A worm (D:3)
  2 dart slugs
  36 orcs
  5 bats
  12 endoplasms
  3 giant cockroaches
  7 hobgoblins
  2 jackals (D:1)
  9 kobolds
  4 quokkas
  8 ball pythons
  5 frilled lizards
  13 goblins
  3 rats
306 creatures vanquished.

Vanquished Creatures (collateral kills)
  A death yak (Lair:3)
  A blink frog (Lair:3)
2 creatures vanquished.

Vanquished Creatures (others)
  7 fungi
  39 plants
  2 withered plants (D:4)
48 creatures vanquished.

Grand Total: 356 creatures vanquished

Notes
Turn   | Place    | Note
-------+----------+-------------------------------------------
     0 | D:1      | qw the Minotaur Berserker began the quest for the Orb.
     0 | D:1      | Reached XP level 1. HP: 19/19 MP: 0/0
     0 | D:1      | 0 ||| qw: Version: 0.1-a-113-g051387a
     0 | D:1      | 0 ||| qw: Game counter: 7358
     0 | D:1      | 0 ||| qw: Always use a shield: true
     0 | D:1      | 0 ||| qw: Do Orc after D:15 true
     0 | D:1      | 0 ||| qw: Do second Lair branch before Depths: true
     0 | D:1      | 0 ||| qw: Lair rune preference: random
     0 | D:1      | 0 ||| qw: Plans: Normal
     0 | D:1      | 0 ||| PLANNING D:1-11
   145 | D:1      | Reached skill level 4 in Axes
   221 | D:1      | Reached XP level 2. HP: 16/26 MP: 1/1
   228 | D:1      | 228 ||| Stepping ~*~*~tactically~*~*~ (stealth).
   229 | D:1      | 229 ||| Stepping ~*~*~tactically~*~*~ (stealth).
   230 | D:1      | 230 ||| Stepping ~*~*~tactically~*~*~ (stealth).
   231 | D:1      | 231 ||| Stepping ~*~*~tactically~*~*~ (stealth).
   241 | D:1      | 241 ||| INVOKING Berserk.
   526 | D:1      | 526 ||| DROPPING +0 club.
   572 | D:1      | 572 ||| Stepping ~*~*~tactically~*~*~ (stealth).
   573 | D:1      | 573 ||| Stepping ~*~*~tactically~*~*~ (stealth).
   574 | D:1      | 574 ||| Stepping ~*~*~tactically~*~*~ (stealth).
   576 | D:1      | 576 ||| Stepping ~*~*~tactically~*~*~ (stealth).
   578 | D:1      | 578 ||| Stepping ~*~*~tactically~*~*~ (stealth).
   591 | D:1      | 591 ||| Stepping ~*~*~tactically~*~*~ (stealth).
   595 | D:1      | 595 ||| Stepping ~*~*~tactically~*~*~ (stealth).
   596 | D:1      | 596 ||| Stepping ~*~*~tactically~*~*~ (stealth).
   601 | D:1      | 601 ||| Stepping ~*~*~tactically~*~*~ (stealth).
   602 | D:1      | 602 ||| Stepping ~*~*~tactically~*~*~ (stealth).
   604 | D:1      | 604 ||| Stepping ~*~*~tactically~*~*~ (stealth).
   606 | D:1      | Reached skill level 5 in Axes
   691 | D:1      | 691 ||| Stepping ~*~*~tactically~*~*~ (stealth).
   695 | D:1      | 695 ||| Stepping ~*~*~tactically~*~*~ (stealth).
   696 | D:1      | 696 ||| Stepping ~*~*~tactically~*~*~ (stealth).
   705 | D:1      | 705 ||| INVOKING Berserk.
   859 | D:1      | 859 ||| Stepping ~*~*~tactically~*~*~ (stealth).
   870 | D:1      | Reached XP level 3. HP: 28/31 MP: 2/2
   923 | D:1      | 923 ||| Stepping ~*~*~tactically~*~*~ (hiding).
  1025 | D:1      | 1025 ||| Stepping ~*~*~tactically~*~*~ (hiding).
  1028 | D:1      | 1028 ||| Stepping ~*~*~tactically~*~*~ (hiding).
  1458 | D:1      | 1458 ||| UPGRADING to +0 ring mail.
  1468 | D:1      | 1468 ||| DROPPING +0 animal skin.
  1469 | D:1      | 1469 ||| READING 2 scrolls labelled ZEADEL UNIGRU.
  1472 | D:1      | 1472 ||| READING 2 scrolls labelled YLOEQO XARORGHOI.
  1473 | D:1      | 1473 ||| READING 2 scrolls labelled ISUHAL ZAHOW.
  1474 | D:1      | 1474 ||| READING scroll labelled QAANIO QEBRAO.
  1475 | D:1      | 1475 ||| DROPPING scroll of amnesia.
  1476 | D:1      | 1476 ||| DROPPING scroll of blinking.
  1641 | D:2      | Reached ** piety under Trog
  1870 | D:2      | 1870 ||| Stepping ~*~*~tactically~*~*~ (stealth).
  1877 | D:2      | Reached skill level 6 in Axes
  1877 | D:2      | Reached XP level 4. HP: 39/39 MP: 3/3
  2530 | D:2      | Found a faded altar of an unknown god.
  2530 | D:2      | Noticed a hellwing
  2533 | D:2      | 2533 ||| READING scroll labelled FYJEDUM GAOLY.
  2534 | D:2      | 2534 ||| READING scroll labelled HAHYSA ICEHATI.
  2535 | D:2      | 2535 ||| READING 2 scrolls labelled EZOIMN BUCZUA.
  2536 | D:2      | 2536 ||| DRINKING 2 fizzy coppery potions.
  2537 | D:2      | 2537 ||| READING 2 scrolls of identify.
  2537 | D:2      | 2537 ||| IDENTIFYING viscous silvery potion
  2538 | D:2      | 2538 ||| DROPPING potion of brilliance.
  2539 | D:2      | 2539 ||| DROPPING potion of berserk rage.
  2540 | D:2      | 2540 ||| READING scroll of teleportation.
  2559 | D:3      | Noticed qw's ghost (amateur DsCA)
  2559 | D:3      | Found a transporter.
  2560 | D:3      | Found a transporter.
  2617 | D:3      | 2617 ||| SWAPPING to +1 hand axe of venom.
  2618 | D:3      | 2618 ||| DROPPING +0 hand axe.
  2723 | D:3      | Found a sacrificial altar of Ru.
  2744 | D:3      | 2744 ||| Stepping ~*~*~tactically~*~*~ (stealth).
  2978 | D:3      | Found a bloodstained altar of Trog.
  3436 | D:3      | Reached skill level 7 in Axes
  3436 | D:3      | Reached XP level 5. HP: 45/45 MP: 4/4
  3503 | D:3      | 3503 ||| UPGRADING to +6 ring of intelligence.
  3504 | D:3      | 3504 ||| READING scroll labelled HENWIKURAG.
  3505 | D:3      | 3505 ||| READING scroll labelled FIEROVELAN.
  3506 | D:3      | 3506 ||| DRINKING 2 inky potions.
  3507 | D:3      | 3507 ||| READING 4 scrolls of identify.
  3507 | D:3      | 3507 ||| IDENTIFYING purple potion
  3508 | D:3      | 3508 ||| READING 3 scrolls of identify.
  3508 | D:3      | 3508 ||| IDENTIFYING white potion
  3509 | D:3      | 3509 ||| READING 2 scrolls of identify.
  3509 | D:3      | 3509 ||| IDENTIFYING sedimented coppery potion
  3510 | D:3      | 3510 ||| DROPPING potion of lignification.
  3577 | D:4      | 3577 ||| INVOKING Berserk.
  3771 | D:4      | 3771 ||| FLEEEEING.
  3772 | D:4      | 3772 ||| FLEEEEING.
  3773 | D:4      | 3773 ||| FLEEEEING.
  3943 | D:4      | Reached XP level 6. HP: 53/53 MP: 5/5
  4049 | D:4      | 4049 ||| INVOKING Berserk.
  4051 | D:4      | Reached skill level 8 in Axes
  4438 | D:4      | Found a shimmering altar of Xom.
  4439 | D:4      | Found a shadowy altar of Dithmenos.
  4561 | D:4      | Found Guakku's Assorted Antiques.
  4565 | D:4      | 4565 ||| BUYING blue potion (19 gold).
  4565 | D:4      | Bought a blue potion for 19 gold pieces
  4565 | D:4      | 4565 ||| BUYING potion of curing (66 gold).
  4565 | D:4      | Bought a potion of curing for 66 gold pieces
  4565 | D:4      | 4565 ||| BUYING scroll of enchant armour (165 gold).
  4565 | D:4      | Bought a scroll of enchant armour for 165 gold pieces
  4580 | D:4      | Found a runed translucent door.
  4581 | D:4      | Noticed qw's ghost (amateur GrBe)
  4800 | D:4      | 4800 ||| UPGRADING to ring of poison resistance.
  4801 | D:4      | 4801 ||| READING 2 scrolls labelled KOEPSO FAGOPYH.
  4802 | D:4      | 4802 ||| DRINKING 2 fizzy inky potions.
  4803 | D:4      | 4803 ||| READING 2 scrolls of identify.
  4803 | D:4      | 4803 ||| IDENTIFYING bubbling ruby potion
  4804 | D:4      | 4804 ||| DROPPING scroll of fear.
  4805 | D:4      | 4805 ||| DROPPING potion of ambrosia.
  4848 | D:5      | Entered Level 5 of the Dungeon
  4956 | D:5      | Noticed Ijyb
  4958 | D:5      | 4958 ||| INVOKING Berserk.
  4960 | D:5      | Killed Ijyb
  5182 | D:5      | Reached skill level 9 in Axes
  5182 | D:5      | Reached XP level 7. HP: 50/60 MP: 6/6
  5273 | D:5      | 5273 ||| FLEEEEING.
  5274 | D:5      | 5274 ||| FLEEEEING.
  5276 | D:5      | 5276 ||| FLEEEEING.
  5277 | D:5      | 5277 ||| FLEEEEING.
  5278 | D:5      | 5278 ||| FLEEEEING.
  5279 | D:5      | 5279 ||| FLEEEEING.
  5280 | D:5      | 5280 ||| FLEEEEING.
  5281 | D:5      | 5281 ||| FLEEEEING.
  5283 | D:5      | 5283 ||| STAIRDANCE
  5365 | D:4      | 5365 ||| UPGRADING to +0 chain mail.
  5375 | D:4      | 5375 ||| DROPPING +0 ring mail.
  5376 | D:4      | 5376 ||| READING 2 scrolls of identify.
  5376 | D:4      | 5376 ||| IDENTIFYING bubbling amethyst potion
  5377 | D:4      | 5377 ||| DROPPING potion of degeneration.
  5690 | D:5      | 5690 ||| FLEEEEING.
  5691 | D:5      | 5691 ||| FLEEEEING.
  5692 | D:5      | 5692 ||| FLEEEEING.
  5693 | D:5      | 5693 ||| FLEEEEING.
  5697 | D:5      | 5697 ||| FLEEEEING.
  5698 | D:5      | 5698 ||| FLEEEEING.
  5848 | D:5      | 5848 ||| DROPPING +0 whip.
  5861 | D:5      | 5861 ||| Stepping ~*~*~tactically~*~*~ (stealth).
  5862 | D:5      | 5862 ||| Stepping ~*~*~tactically~*~*~ (hiding).
  5876 | D:5      | Reached skill level 3 in Armour
  6146 | D:5      | 6146 ||| DRINKING 2 emerald potions.
  6232 | D:6      | 6232 ||| STAIRDANCE
  6251 | D:6      | 6251 ||| STAIRDANCE
  6486 | D:6      | 6486 ||| Stepping ~*~*~tactically~*~*~ (stealth).
  6493 | D:6      | 6493 ||| Stepping ~*~*~tactically~*~*~ (stealth).
  6514 | D:6      | 6514 ||| Stepping ~*~*~tactically~*~*~ (hiding).
  6543 | D:6      | 6543 ||| Stepping ~*~*~tactically~*~*~ (stealth).
  6557 | D:6      | 6557 ||| INVOKING Berserk.
  6559 | D:6      | Reached skill level 10 in Axes
  6566 | D:6      | Reached *** piety under Trog
  6630 | D:6      | Noticed Duvessa
  6630 | D:6      | Noticed Dowan
  6635 | D:6      | 6635 ||| INVOKING Berserk.
  6638 | D:6      | Killed Duvessa
  6639 | D:6      | Reached skill level 6 in Fighting
  6647 | D:6      | Killed Dowan
  6850 | D:6      | Reached XP level 8. HP: 71/71 MP: 7/7
  6868 | D:6      | Found a staircase to the Ecumenical Temple.
  6933 | D:6      | 6933 ||| INVOKING Berserk.
  6940 | D:6      | Reached skill level 1 in Throwing
  7072 | D:6      | 7072 ||| DROPPING +0 mace of protection.
  7207 | D:6      | 7207 ||| INVOKING Berserk.
  7222 | D:6      | Reached skill level 11 in Axes
  7278 | D:6      | 7278 ||| INVOKING Berserk.
  7297 | D:6      | 7297 ||| DRINKING potion of cancellation.
  7303 | D:6      | Reached skill level 12 in Axes
  7304 | D:6      | 7304 ||| FLEEEEING.
  7306 | D:6      | 7306 ||| FLEEEEING.
  7307 | D:6      | 7307 ||| FLEEEEING.
  7310 | D:6      | 7310 ||| FLEEEEING.
  7311 | D:6      | 7311 ||| FLEEEEING.
  7312 | D:6      | 7312 ||| FLEEEEING.
  7313 | D:6      | 7313 ||| FLEEEEING.
  7314 | D:6      | 7314 ||| FLEEEEING.
  7317 | D:6      | 7317 ||| FLEEEEING.
  7318 | D:6      | 7318 ||| FLEEEEING.
  7319 | D:6      | 7319 ||| FLEEEEING.
  7320 | D:6      | 7320 ||| FLEEEEING.
  7323 | D:6      | 7323 ||| FLEEEEING.
  7326 | D:6      | 7326 ||| FLEEEEING.
  7327 | D:6      | 7327 ||| FLEEEEING.
  7328 | D:6      | 7328 ||| FLEEEEING.
  7331 | D:6      | 7331 ||| FLEEEEING.
  7332 | D:6      | 7332 ||| FLEEEEING.
  7394 | D:6      | 7394 ||| Stepping ~*~*~tactically~*~*~ (stealth).
  7443 | D:6      | You fall into a shaft and drop 3 floors!
  7481 | D:9      | Noticed a two-headed ogre
  7484 | D:9      | 7484 ||| INVOKING Berserk.
  7489 | D:9      | Killed a two-headed ogre
  7490 | D:9      | Reached XP level 9. HP: 78/78 MP: 8/8
  7589 | D:9      | 7589 ||| UPGRADING to +0 plate armour.
  7599 | D:9      | 7599 ||| DROPPING +0 chain mail.
  7600 | D:9      | 7600 ||| READING 2 scrolls of enchant armour.
  7600 | D:9      | 7600 ||| ENCHANTING +0 plate armour.
  7601 | D:9      | 7601 ||| READING scroll of enchant armour.
  7601 | D:9      | 7601 ||| ENCHANTING +1 plate armour.
  7602 | D:9      | 7602 ||| READING 2 scrolls labelled IMUONL ANACW.
  7603 | D:9      | 7603 ||| READING 2 scrolls of identify.
  7603 | D:9      | 7603 ||| IDENTIFYING amethyst potion
  7604 | D:9      | 7604 ||| DROPPING potion of attraction.
  7605 | D:9      | 7605 ||| DROPPING scroll of fog.
  7683 | D:8      | 7683 ||| INVOKING Berserk.
  7838 | D:7      | 7838 ||| Stepping ~*~*~tactically~*~*~ (stealth).
  7843 | D:7      | 7843 ||| Stepping ~*~*~tactically~*~*~ (stealth).
  7844 | D:7      | 7844 ||| Stepping ~*~*~tactically~*~*~ (stealth).
  7845 | D:7      | 7845 ||| Stepping ~*~*~tactically~*~*~ (stealth).
  7884 | D:7      | 7884 ||| UPGRADING to +6 ring of dexterity.
  7886 | D:7      | 7886 ||| DROPPING +6 ring of intelligence.
  7935 | D:6      | 7935 ||| INVOKING Berserk.
  8145 | D:7      | Found a flagged portal.
  8152 | D:7      | 8152 ||| STAIRDANCE
  8164 | D:7      | Reached skill level 3 in Dodging
  8225 | D:7      | Noticed Prince Ribbit
  8227 | D:7      | 8227 ||| INVOKING Berserk.
  8247 | D:7      | Killed Prince Ribbit
  8512 | D:7      | 8512 ||| INVOKING Berserk.
  8667 | D:7      | Reached skill level 13 in Axes
  8687 | D:7      | Reached **** piety under Trog
  8696 | D:7      | Found a broken altar of Ashenzari.
  8735 | D:7      | 8735 ||| INVOKING Berserk.
  8910 | D:7      | 8910 ||| Stepping ~*~*~tactically~*~*~ (hiding).
  9023 | D:7      | Found a runed translucent door.
  9024 | D:7      | Noticed Crazy Yiuf
  9397 | D:7      | 9397 ||| UPGRADING to +4 ring of evasion.
  9399 | D:7      | 9399 ||| READING 2 scrolls labelled RIUZISM JUNA.
  9400 | D:7      | 9400 ||| READING scroll of enchant weapon.
  9400 | D:7      | 9400 ||| ENCHANTING +2 hand axe of protection.
  9401 | D:7      | 9401 ||| DRINKING 2 fuming green potions.
  9435 | D:8      | Found a staircase to the Lair.
  9440 | D:8      | Reached XP level 10. HP: 88/88 MP: 9/9
  9442 | D:8      | Reached skill level 14 in Axes
  9451 | D:8      | Reached skill level 9 in Fighting
  9455 | D:8      | 9455 ||| Stepping ~*~*~tactically~*~*~ (stealth).
  9457 | D:8      | 9457 ||| Stepping ~*~*~tactically~*~*~ (stealth).
  9698 | D:8      | 9698 ||| INVOKING Berserk.
  9832 | D:8      | 9832 ||| READING scroll of enchant armour.
  9832 | D:8      | 9832 ||| ENCHANTING +2 plate armour.
  9856 | D:8      | 9856 ||| INVOKING Berserk.
  9865 | D:8      | Noticed Maggie
  9866 | D:8      | 9866 ||| Stepping ~*~*~tactically~*~*~ (hiding).
  9884 | D:8      | Killed Maggie
 10121 | D:8      | 10121 ||| DROPPING +0 flail.
 10137 | D:8      | 10137 ||| Stepping ~*~*~tactically~*~*~ (stealth).
 10138 | D:8      | 10138 ||| Stepping ~*~*~tactically~*~*~ (stealth).
 10156 | D:8      | 10156 ||| INVOKING Berserk.
 10410 | D:8      | 10410 ||| Stepping ~*~*~tactically~*~*~ (stealth).
 10412 | D:8      | 10412 ||| Stepping ~*~*~tactically~*~*~ (hiding).
 10423 | D:8      | 10423 ||| Stepping ~*~*~tactically~*~*~ (hiding).
 10428 | D:8      | 10428 ||| FLEEEEING.
 10429 | D:8      | 10429 ||| FLEEEEING.
 10430 | D:8      | 10430 ||| Stepping ~*~*~tactically~*~*~ (hiding).
 10486 | D:8      | 10486 ||| SWAPPING to +0 war axe.
 10487 | D:8      | 10487 ||| DROPPING +3 hand axe of protection.
 10507 | D:8      | Reached ***** piety under Trog
 10513 | D:8      | 10513 ||| INVOKING Berserk.
 10562 | D:8      | 10562 ||| Stepping ~*~*~tactically~*~*~ (stealth).
 10565 | D:8      | 10565 ||| Stepping ~*~*~tactically~*~*~ (stealth).
 10567 | D:8      | 10567 ||| Stepping ~*~*~tactically~*~*~ (stealth).
 10568 | D:8      | 10568 ||| Stepping ~*~*~tactically~*~*~ (stealth).
 10574 | D:8      | Reached skill level 15 in Axes
 10768 | D:8      | 10768 ||| PLANNING LAIR
 10768 | D:8      | 10768 ||| READING 2 scrolls of identify.
 10768 | D:8      | 10768 ||| IDENTIFYING clear potion
 10769 | D:8      | 10769 ||| DROPPING potion of invisibility.
 10823 | Lair:1   | Entered Level 1 of the Lair of Beasts
 10836 | Lair:1   | 10836 ||| Stepping ~*~*~tactically~*~*~ (stealth).
 10839 | Lair:1   | 10839 ||| INVOKING Berserk.
 10844 | Lair:1   | Reached XP level 11. HP: 102/102 MP: 10/10
 10931 | Lair:1   | 10931 ||| INVOKING Berserk.
 11071 | Lair:1   | 11071 ||| Stepping ~*~*~tactically~*~*~ (stealth).
 11074 | Lair:1   | 11074 ||| INVOKING Berserk.
 11084 | Lair:1   | 11084 ||| INVOKING Brothers in Arms.
 11373 | Lair:1   | 11373 ||| Stepping ~*~*~tactically~*~*~ (stealth).
 11376 | Lair:1   | 11376 ||| INVOKING Berserk.
 11379 | Lair:1   | Noticed Erica
 11392 | Lair:1   | Reached skill level 16 in Axes
 11396 | Lair:1   | Killed Erica
 11397 | Lair:1   | Reached skill level 9 in Armour
 11516 | Lair:1   | 11516 ||| INVOKING Berserk.
 11582 | Lair:1   | 11582 ||| INVOKING Berserk.
 11761 | Lair:1   | Noticed a catoblepas
 11765 | Lair:1   | 11765 ||| Stepping ~*~*~tactically~*~*~ (cloud).
 11767 | Lair:1   | 11767 ||| INVOKING Berserk.
 11772 | Lair:1   | Reached skill level 12 in Fighting
 11773 | Lair:1   | Killed a catoblepas
 11965 | Lair:1   | Noticed a death yak
 11965 | Lair:1   | Noticed a death yak
 11966 | Lair:1   | Noticed a death yak
 11967 | Lair:1   | 11967 ||| INVOKING Berserk.
 11969 | Lair:1   | Noticed a death yak
 11972 | Lair:1   | Killed a death yak
 11979 | Lair:1   | Killed a death yak
 11985 | Lair:1   | Killed a death yak
 11990 | Lair:1   | Killed a death yak
 12170 | Lair:1   | Noticed Fannar
 12183 | Lair:1   | Reached skill level 3 in Throwing
 12203 | Lair:1   | 12203 ||| INVOKING Berserk.
 12204 | Lair:1   | Killed Fannar
 12205 | Lair:1   | Reached XP level 12. HP: 83/115 MP: 11/11
 12410 | Lair:1   | 12410 ||| READING scroll of enchant armour.
 12410 | Lair:1   | 12410 ||| ENCHANTING +3 plate armour.
 12563 | Lair:1   | 12563 ||| DROPPING ring of magical power.
 12564 | Lair:1   | 12564 ||| READING scroll labelled LUCHIC VOELI.
 12565 | Lair:1   | 12565 ||| READING 3 scrolls labelled XIUQITU GIAGRYU.
 12566 | Lair:1   | 12566 ||| READING scroll labelled LECERHIFEL.
 12759 | Lair:1   | 12759 ||| DROPPING 2 scrolls of vulnerability.
 12992 | Lair:2   | 12992 ||| Stepping ~*~*~tactically~*~*~ (stealth).
 12993 | Lair:2   | 12993 ||| Stepping ~*~*~tactically~*~*~ (stealth).
 12996 | Lair:2   | 12996 ||| Stepping ~*~*~tactically~*~*~ (stealth).
 12997 | Lair:2   | 12997 ||| Stepping ~*~*~tactically~*~*~ (stealth).
 13053 | Lair:2   | 13053 ||| READING scroll of enchant weapon.
 13053 | Lair:2   | 13053 ||| ENCHANTING +0 war axe.
 13094 | Lair:2   | Identified the +1 plate armour of Parts Unknown {Str+4
                  | Dex+2}
 13126 | Lair:2   | 13126 ||| Stepping ~*~*~tactically~*~*~ (hiding).
 13127 | Lair:2   | 13127 ||| Stepping ~*~*~tactically~*~*~ (hiding).
 13129 | Lair:2   | 13129 ||| INVOKING Berserk.
 13252 | Lair:2   | Found a hole to the Spider Nest.
 13394 | Lair:2   | 13394 ||| Stepping ~*~*~tactically~*~*~ (stealth).
 13397 | Lair:2   | 13397 ||| Stepping ~*~*~tactically~*~*~ (stealth).
 13441 | Lair:2   | 13441 ||| Stepping ~*~*~tactically~*~*~ (stealth).
 13444 | Lair:2   | 13444 ||| Stepping ~*~*~tactically~*~*~ (stealth).
 13629 | Lair:2   | 13629 ||| Stepping ~*~*~tactically~*~*~ (stealth).
 13762 | Lair:2   | 13762 ||| READING scroll of enchant armour.
 13762 | Lair:2   | 13762 ||| ENCHANTING +4 plate armour.
 13821 | Lair:2   | 13821 ||| DROPPING +1 plate armour of Parts Unknown {Str+4
                  | Dex+2}.
 13822 | Lair:2   | 13822 ||| READING 2 scrolls of identify.
 13822 | Lair:2   | 13822 ||| IDENTIFYING viscous green potion
 13823 | Lair:2   | 13823 ||| DROPPING potion of magic.
 13846 | Lair:3   | 13846 ||| STAIRDANCE
 13855 | Lair:2   | Reached skill level 15 in Fighting
 13955 | Lair:3   | 13955 ||| STAIRDANCE
 14164 | Lair:3   | Noticed a death yak
 14165 | Lair:3   | 14165 ||| INVOKING Brothers in Arms.
 14167 | Lair:3   | Noticed a death yak
 14167 | Lair:3   | Noticed a death yak
 14168 | Lair:3   | Noticed a death yak
 14168 | Lair:3   | Killed a death yak
 14169 | Lair:3   | Reached skill level 12 in Armour
 14170 | Lair:3   | 14170 ||| INVOKING Berserk.
 14174 | Lair:3   | Killed a death yak
 14177 | Lair:3   | Killed a death yak
 14178 | Lair:3   | Reached skill level 6 in Dodging
 14180 | Lair:3   | Killed a death yak
 14413 | Lair:3   | 14413 ||| DRINKING potion of cancellation.
 14419 | Lair:3   | 14419 ||| INVOKING Berserk.
 14434 | Lair:3   | 14434 ||| INVOKING Brothers in Arms.
 14672 | Lair:3   | Noticed Nessos
 14680 | Lair:3   | 14680 ||| INVOKING Berserk.
 14683 | Lair:3   | HP: 43/183 [constriction (3)]
 14685 | Lair:3   | HP: 19/183 [Nessos/arrow (6)]
 14686 | Lair:3   | HP: 7/122 [Nessos/arrow (5)]
 14686 | Lair:3   | HP: 3/122 [Nessos/arrow (1)]
 14687 | Lair:3   | 14687 ||| Stepping ~*~*~tactically~*~*~ (hiding).
 14688 | Lair:3   | 14688 ||| READING 3 scrolls of teleportation.
 14688 | Lair:3   | Shot with an arrow by Nessos

Levels and vault maps discovered:
D:1:      heliophobic_arrival_glass_houses, layout_basic, hex_large,
          kennysheep_doodads, chequers_serial_rivers_micro_e,
          hangedman_decor_growths
D:2:      layout_basic, dreamdust_ecumenical_altar_sealed_demon,
          hangedman_decor_clover_reticule, minmay_misc_feat_hallway
D:3:      layout_loops_corners, lemuel_tele_altar,
          mainiacjoe_overflow_small_starburst, gammafunk_ghost_arena,
          minmay_randomly_rotated_circles
D:4:      layout_basic, mainiacjoe_overflow_alcove_2, amcnicky_altar_gilded,
          serial_shops, nicolae_shop_competitors_out_of_business,
          gammafunk_ghost_grave
D:5:      nicolae_cairo_tiling, layout_loops_ring, serial_rivers,
          chequers_serial_rivers_micro_a, chequers_serial_rivers_marsh,
          chequers_serial_rivers_small_3, chequers_serial_rivers_small_b,
          chequers_serial_rivers_small_3, chequers_serial_rivers_room_a,
          uniq_ijyb
D:6:      minmay_diamond_boxcup, layout_basic, minmay_temple_entry_purple_smoke,
          nicolae_water_bricks, uniq_duvessa
D:7:      layout_cave_pods, mainiacjoe_overflow_boulevard, enter_bailey_5,
          wad_floor_pattern_2, uniq_prince_ribbit1, uniq_crazy_yiuf_cottage
D:8:      layout_loops_ring, minmay_lair_entry_grove,
          kennysheep_generic_room_16, uniq_maggie
D:9:      layout_gridville, minmay_misc_feat_room, roderic_roman_lattice
Lair:1:   layout_misc_corridors, beast_lair_carwin_4, serial_bayou_shore_a,
          grunt_megastairs_4, infiniplex_staircase_pool_2, uniq_erica,
          uniq_fannar
Lair:2:   layout_gridlike, hellmonk_spider_entry_not_the_bees
Lair:3:   beast_lair_carwin_large_2, layout_cave_pods,
          elwin_shoals_entry_stream, serial_forest,
          infiniplex_forest_lined_room_2, infiniplex_forest_clump_C,
          infiniplex_forest_end_3, infiniplex_forest_clump_tiny,
          infiniplex_forest_lined_3, infiniplex_forest_lined_ring,
          infiniplex_forest_straight_5, infiniplex_forest_split, uniq_nessos

Skill      XL: |  1  2  3  4  5  6  7  8  9 10 11 12 |
---------------+-------------------------------------+-----
Axes           | 4 5 6 7 9 10 12 13 15 16 | 16.0
Fighting       | 4 6 8 11 13 15 | 15.7
Armour         | 3 7 8 11 12 | 12.0
Throwing       | 1 2 3 |  3.0
Dodging        | 3 4 6 |  6.4

Action                   |  1- 3 |  4- 6 |  7- 9 | 10-12 || total
-------------------------+-------+-------+-------+-------++-------
Melee: Hand axe          |    90 |    98 |   277 |   110 ||   575
       Headbutt          |    12 |     7 |    44 |    87 ||   150
       Punch             |       |     1 |     4 |     5 ||    10
       War axe           |       |       |       |   315 ||   315
Throw: Boomerang         |       |       |    31 |    70 ||   101
Invok: Berserk           |     2 |     3 |    11 |    17 ||    33
       Brothers in Arms  |       |       |       |     3 ||     3
  Use: Scroll            |     4 |    12 |     7 |    10 ||    33
       Potion            |       |     3 |     3 |     1 ||     7
 Stab: Petrified         |       |       |       |     6 ||     6
       Petrifying        |       |       |       |     1 ||     1
Armor: Animal skin       |     9 |       |       |       ||     9
       Ring mail         |    10 |    15 |     5 |       ||    30
       Chain mail        |       |       |    73 |       ||    73
       Plate armour      |       |       |    58 |   150 ||   208
Dodge: Dodged            |    35 |    40 |    68 |   162 ||   305

Table legend:
 A = Non-vault XP
 B = Vault XP
 C = Vault XP percentage of total XP
 D = Non-vault monster count
 E = Vault monster count
 F = Vault count percentage of total count
                 A         B        C        D         E       F
            +---------+---------+-------+---------+---------+-------
      Total |   27818 |    7754 |  21.8 |     250 |      58 |  18.8
            +---------+---------+-------+---------+---------+-------
        D:1 |      54 |       0 |   0.0 |      32 |       0 |   0.0
        D:2 |     104 |       0 |   0.0 |      13 |       0 |   0.0
        D:3 |      37 |      11 |  22.9 |      14 |       6 |  30.0
        D:4 |     413 |       0 |   0.0 |      11 |       0 |   0.0
        D:5 |     379 |      36 |   8.7 |      13 |       1 |   7.1
        D:6 |     775 |     743 |  48.9 |      30 |      12 |  28.6
        D:7 |    1551 |     302 |  16.3 |      26 |       4 |  13.3
        D:8 |    2907 |    2720 |  48.3 |      32 |      16 |  33.3
        D:9 |     872 |       0 |   0.0 |       6 |       0 |   0.0
     Lair:1 |    8609 |    2873 |  25.0 |      27 |       9 |  25.0
     Lair:2 |    6360 |     672 |   9.6 |      32 |       7 |  17.9
     Lair:3 |    5757 |     397 |   6.5 |      14 |       3 |  17.6
            +---------+---------+-------+---------+---------+-------
